 Dungeon Crawl Stone Soup version 0.27-a0-577-ge2a43ba0c9 (webtiles) character file.

Game seed: 7350804124190011996

105 kae the Ruffian (level 4, 0/38 HPs)
             Began as a Naga Transmuter on Mar 9, 2021.
             Slain by a hobgoblin (5 damage)
             ... on level 2 of the Dungeon.
             The game lasted 00:01:08 (2151 turns).

kae the Ruffian (Naga Transmuter)                   Turns: 2151, Time: 00:01:09

Health: 0/38       AC:  2    Str: 13    XL:     4   Next: 83%
Magic:  6/7        EV: 10    Int: 13    God:
Gold:   98         SH:  0    Dex: 12    Spells: 3/7 levels left

rFire    . . .     SeeInvis +     - Unarmed
rCold    . . .     Faith    .   (no shield)
rNeg     . . .     Spirit   .   a - +0 robe
rPois    +         Reflect  .   (no helmet)
rElec    .         Harm     .   (no cloak)
rCorr    .         Rampage  .   (no gloves)
Will     .....                  (no barding)
Stlth    +.........             (no amulet)
HPRegen  0.12/turn              (no ring)
MPRegen  0.10/turn              (no ring)

@: short of breath, very slow
A: large, see invisible, deformed body, poison resistance, slowness 2, spit
poison 1, naga tail 1, AC +1
a: Spit Poison


You were on level 2 of the Dungeon.
You visited 1 branch of the dungeon, and saw 2 of its levels.

You collected 98 gold pieces.

Inventory:

Armour
 a - a +0 robe (worn)
Jewellery
 c - a +6 ring of dexterity
 i - a ring of fire
Scrolls
 b - 3 scrolls of immolation {unknown}
 d - a scroll of enchant weapon {unknown}
 f - 2 scrolls of identify {unknown}
 j - a scroll of magic mapping {unknown}
 k - a scroll of fear {unknown}
Potions
 e - a potion of cancellation {unknown}
 g - a potion of ambrosia {unknown}
 h - a potion of curing {unknown}


   Skills:
 - Level 1.0 Fighting
 - Level 1.5 Dodging
 + Level 4.0 Unarmed Combat
 - Level 2.0 Spellcasting
 + Level 3.3 Transmutations
 * Level 2.6 Poison Magic


You had 3 spell levels left.
You knew the following spells:

 Your Spells              Type           Power      Damage    Failure   Level
a - Beastly Appendage     Tmut           20%        N/A       6%          1
b - Spider Form           Tmut/Pois      4%         N/A       22%         3

Your spell library contained the following spells:

 Spells                   Type           Power      Damage    Failure   Level
 Wereblood                Tmut           10%        N/A       10%         2
 Ice Form                 Ice/Tmut       5%         N/A       77%         4
 Blade Hands              Tmut           5%         N/A       87%         5


Dungeon Overview and Level Annotations

Branches:
Dungeon (2/15)

Altars:
Trog
The Shining One


Innate Abilities, Weirdness & Mutations

Your serpentine skin is tough. (AC +1)
You have supernaturally acute eyesight. (SInv)
Armour fits poorly on your strangely shaped body.
Your system is resistant to poisons. (rPois)
You cover ground very slowly.
You can spit poison.
You have a snake-like lower body.


Message History

a +0 halberd; a throwing net Your transformation is almost over.
The gnoll misses you.
A gnoll comes into view. It is wielding a +0 club.
The gnoll closely misses you.
A hobgoblin comes into view.
The gnoll hits you with a +0 halberd!
The hobgoblin shouts!
You hit the gnoll.
The gnoll is heavily wounded.
The gnoll completely misses you.
You hit the gnoll.
The gnoll is poisoned.
The gnoll is lightly wounded.
The gnoll hits you with a +0 halberd! The gnoll completely misses you.
You hit the gnoll.
The gnoll looks as sick as possible!
The gnoll is heavily wounded.
The gnoll misses you.
You barely miss the gnoll.
The gnoll is heavily wounded.
You kill the gnoll!
The gnoll completely misses you.
Your Unarmed Combat skill increases to level 4!
The gnoll hits you with a +0 club.
You see here a +0 halberd.
You hit the gnoll but do no damage.
The gnoll is poisoned.
The gnoll is heavily wounded.
The gnoll barely misses you. The hobgoblin closely misses you.
You hit the gnoll.
The gnoll looks even sicker.
The gnoll is heavily wounded.
Your transformation has ended.
Your +0 robe unmelds from your body.
The gnoll hits you with a +0 club.
* * * LOW HITPOINT WARNING * * *
The hobgoblin hits you.
* * * LOW HITPOINT WARNING * * *
Press: ? - help, Shift-Dir - straight line, f - hobgoblin
Aim: a hobgoblin The splash of poison misses the hobgoblin.
You kill the gnoll!
The hobgoblin hits you.
You die...

#########.#........#.
### #.#..#....... ..#
#.#..#.###... .
#.####......###..# ..##
....####.........# .
... #.#.# #..)######.#
#.##.##.#.# #...# #.#
......g.#.#
#...######..
#.....)@#.#
#.........##
###.......###)..#####.#
#.......)†..........
#..#................
#..###.............. #.
##.##.......... #
...##....#.####
######....#.# #....# #


You could see a hobgoblin.

Vanquished Creatures
  Terence (D:2)
  3 gnolls (D:2)
  2 adders (D:2)
  An ooze (D:1)
  A worm (D:2)
  4 bats
  4 goblins
  4 hobgoblins
  6 kobolds
  A quokka (D:2)
  2 ball pythons
  2 frilled lizards
  9 rats
40 creatures vanquished.

Notes
Turn   | Place    | Note
-------+----------+-------------------------------------------
     0 | D:1      | kae the Naga Transmuter began the quest for the Orb.
     0 | D:1      | Reached XP level 1. HP: 18/18 MP: 3/3
   135 | D:1      | Reached XP level 2. HP: 11/25 MP: 3/5
  1194 | D:2      | Reached XP level 3. HP: 9/31 MP: 6/6
  1202 | D:2      | Learned a level 3 spell: Spider Form
  1447 | D:2      | Reached skill level 1 in Poison Magic
  1749 | D:2      | Found a glowing golden altar of the Shining One.
  1931 | D:2      | Found a bloodstained altar of Trog.
  1931 | D:2      | Noticed Terence
  1939 | D:2      | Killed Terence
  1940 | D:2      | Reached XP level 4. HP: 27/38 MP: 3/7
  2148 | D:2      | Reached skill level 4 in Unarmed Combat
  2151 | D:2      | Slain by a hobgoblin

Illustrated notes

Levels and vault maps discovered:
D:1:      dpeg_arrival_connections, layout_basic
D:2:      layout_loops_cross, lemuel_coloured_pillars_altar,
          lemuel_doored_altar, marbit_many_paths, grunt_ministairs_7,
          minmay_hexomino_f4, uniq_terence

Skill      XL: |  1  2  3  4 |
---------------+-------------+-----
Transmutations | 3 |  3.3
Poison Magic   | 2 |  2.6
Unarmed Combat | 4 |  4.0
Fighting       | |  1.0
Dodging        | |  1.5
Spellcasting   | |  2.0

Action                   |  1- 3 |  4- 6 || total
-------------------------+-------+-------++-------
Melee: Unarmed           |    75 |    17 ||    92
       Headbutt          |     7 |     1 ||     8
 Cast: Beastly Appendage |    16 |     1 ||    17
       Spider Form       |     1 |     1 ||     2
 Abil: Spit Poison       |    13 |     3 ||    16
Armor: Robe              |     7 |       ||     7
Dodge: Dodged            |    50 |    12 ||    62

Table legend: (Time is in decaauts)
 A = Elapsed time spent in this place.
 B = Non-inter-level travel time spent in this place.
 C = Inter-level travel time spent in this place.
 D = Time resting spent in this place.
 E = Time spent auto-exploring this place.
 F = Levels seen in this place.
 G = Mean time per level.
                   A        B        C        D        E       F      G
               +--------+--------+--------+--------+--------+-----+--------+
         Total |   2447 |   2431 |     16 |     10 |   2175 |   2 | 1223.5 |
       Dungeon |   2447 |   2431 |     16 |     10 |   2175 |   2 | 1223.5 |
               +--------+--------+--------+--------+--------+-----+--------+

Top non-repeatable levels by time:
     D:1: 1360 daAuts
     D:2: 1086 daAuts
